 Dungeon Crawl Stone Soup version 0.19.1-1-g22dce08 (webtiles) character file.

204 nikopol the Skirmisher (level 5, 0/34 HPs)
             Began as a Gargoyle Berserker on Jan 17, 2017.
             Was a Believer of Trog.
             Killed from afar by Sigmund (3 damage)
             ... with a puff of flame
             ... on level 3 of the Dungeon.
             The game lasted 00:03:37 (1743 turns).

nikopol the Skirmisher (Gargoyle Berserker)         Turns: 1743, Time: 00:03:38

Health: 0/34       AC:  7    Str: 21    XL:     5   Next: 82%
Magic:  5/5        EV: 12    Int:  7    God:    Trog [**....]
Gold:   115        SH:  0    Dex: 10    Spells: 0 memorised, 4 levels left

rFire  . . .     SeeInvis .     a - +0 hand axe
rCold  . . .     Gourm    .     u - +0 leather armour
rNeg   + . .     Faith    .     (no shield)
rPois  ∞         Spirit   .     (no helmet)
rElec  +         Reflect  .     (no cloak)
rCorr  .         Harm     .     (no gloves)
MR     ++...                    (no boots)
Stlth  +.........               (no amulet)
                                (no ring)
                                (no ring)

@: exhausted, regenerating, slowed, very slow
A: negative energy resistance 1, electricity resistance, unbreathing,
petrification resistance, rot immunity, AC +4
a: Berserk, Trog's Hand, Burn Spellbooks, Renounce Religion


You were on level 3 of the Dungeon.
You worshipped Trog.
Trog was pleased with you.
You were near starving.

You visited 1 branch of the dungeon, and saw 3 of its levels.

You collected 115 gold pieces.

Inventory:

Hand Weapons
 a - a +0 hand axe (weapon)
Missiles
 s - 14 arrows (quivered)
Armour
 b - a +0 animal skin
 u - a +0 leather armour (worn)
Jewellery
 k - an uncursed ring of flight {unknown}
Scrolls
 d - a scroll of enchant weapon {unknown}
 e - 3 scrolls of magic mapping {unknown}
 h - 2 scrolls of recharging {unknown}
 m - 2 scrolls of immolation {unknown}
 o - a scroll of fear {unknown}
 t - a scroll of identify {unknown}
Potions
 f - a potion of lignification {unknown}
 g - a potion of degeneration {unknown}
 i - 2 potions of heal wounds {unknown}
 j - 2 potions of agility {unknown}
 l - a potion of flight {unknown}
 p - a potion of curing {unknown}
 r - 2 potions of brilliance {unknown}
Comestibles
 c - 2 bread rations
 n - 2 chunks of flesh
 q - a meat ration


   Skills:
 + Level 4.4 Fighting
 + Level 3.5 Axes
 + Level 3.5 Armour
 + Level 3.0 Dodging


You had 4 spell levels left.
You didn't know any spells.

Dungeon Overview and Level Annotations

Branches:
Dungeon (3/15)

Altars:
Qazlal

Annotations:
D:3 Sigmund


Innate Abilities, Weirdness & Mutations

You are resistant to torment.
Your stone body is resilient. (AC +4)
You are immune to poison.
You resist negative energy. (rN+)
You are resistant to electric shocks. (rElec)
You can survive without breathing.
You are immune to petrification.
You are immune to rotting.


Message History

You miss something. Something hits you.
* * * LOW HITPOINT WARNING * * *
Your skin crawls.
You feel resistant to hostile enchantments.
You feel somewhat more hungry. Something hits you but does no damage.
You barely miss something. Something hits you but does no damage.
You miss something. Something hits you.
* * * LOW HITPOINT WARNING * * *
You hit something but do no damage.
Sigmund appears from thin air!
Reactivating autopickup.
Sigmund casts a spell.
Sigmund flickers and vanishes!
Deactivating autopickup; reactivate with Ctrl-A.
Something hits you.
* * * LOW HITPOINT WARNING * * *
You closely miss something.
You hear some strange, mumbled words.
A puff of flame appears from out of thin air!
The puff of flame hits you!
You die...

##. #.#.#
...##<#.#
#.........######.
#.##.#..#.......#
#.#....#####.#
#.........#
###.#..##.....
####.#).#####.#
......)@).....#
#####..{#######
#...# #...# #...#
#...# #...# .....


There were no monsters in sight!

Vanquished Creatures
  The ghost of Thrillho the Digger, an amateur GrEE (D:3)
  2 orc wizards (D:3)
  2 adders
  A worm (D:2)
  3 dart slugs (D:1)
  3 leopard geckos
  4 orcs (D:3)
  3 bats
  3 giant cockroaches
  4 goblins
  2 hobgoblins (D:1)
  2 quokkas (D:2)
  A frilled lizard (D:2)
  10 kobolds
  7 rats
48 creatures vanquished.

Notes
Turn   | Place    | Note
-------+----------+-------------------------------------------
     0 | D:1      | nikopol the Gargoyle Berserker began the quest for the Orb.
     0 | D:1      | Reached XP level 1. HP: 14/14 MP: 1/1
   174 | D:1      | Reached XP level 2. HP: 8/19 MP: 2/2
   671 | D:1      | Reached XP level 3. HP: 21/23 MP: 3/3
  1123 | D:2      | Found a stormy altar of Qazlal.
  1167 | D:2      | Reached ** piety under Trog
  1469 | D:2      | Reached XP level 4. HP: 29/29 MP: 4/4
  1712 | D:3      | Noticed Sigmund
  1714 | D:3      | Noticed Thrillho's ghost (amateur GrEE)
  1725 | D:3      | Killed Thrillho's ghost
  1725 | D:3      | Reached skill level 4 in Fighting
  1725 | D:3      | Reached XP level 5. HP: 25/33 MP: 5/5
  1738 | D:3      | HP: 1/34 [something (6)]
  1743 | D:3      | Killed from afar by Sigmund

Skill      XL: |  1  2  3  4  5 |
---------------+----------------+-----
Dodging        | 2 3 |  3.0
Axes           | 3 |  3.5
Fighting       | 4 |  4.4
Armour         | 3 |  3.5

Action                   |  1- 3 |  4- 6 || total
-------------------------+-------+-------++-------
Melee: Hand axe          |   143 |    46 ||   189
Invok: Berserk           |     1 |     1 ||     2
       Trog's Hand       |       |     1 ||     1
 Stab: Sleeping          |     1 |       ||     1
  Eat: Chunk             |     2 |       ||     2
       Pizza             |     1 |       ||     1
Armor: Animal skin       |    62 |     1 ||    63
       Leather armour    |       |    27 ||    27
Dodge: Dodged            |    91 |    29 ||   120
